 Dungeon Crawl Stone Soup version 0.26.1-11-gd32895ea62 (webtiles) character file.

Game seed: 11684760322984949484

253330 dtburroughs the Severer (level 19, -7/211 HPs)
             Began as a Minotaur Berserker on July 20, 2021.
             Was a High Priest of Trog.
             Killed from afar by a manticore (22 damage)
             ... with a volley of spikes
             ... on level 4 of the Shoals on July 21, 2021.
             The game lasted 02:12:03 (43983 turns).

dtburroughs the Severer (Minotaur Berserker)       Turns: 43983, Time: 02:12:03

Health: -7/211     AC: 29    Str: 21    XL:     19   Next: 37%
Magic:  13/14      EV:  2    Int:  5    God:    Trog [*****.]
Gold:   1559       SH: 33    Dex: 10    Spells: 18/18 levels left

rFire    . . .     SeeInvis .   e - +8 war axe (drain)
rCold    . . .     Faith    .   Y - +10 tower shield of Ignorance {rN+ Int-4}
rNeg     + + +     Spirit   .   (armour currently unavailable)
rPois    +         Reflect  +   (helmet currently unavailable)
rElec    .         Harm     .   (cloak currently unavailable)
rCorr    .         Rampage  .   (gloves currently unavailable)
Will     +++..     NoTele   +   (boots currently unavailable)
Stlth    +.........             c - amulet of reflection
HPRegen  0.45/turn              a - ring of willpower
MPRegen  0.14/turn              t - ring of willpower

@: tree-form, barbed spikes
A: (retaliatory headbutt), [frail 2], low mp 2, screaming 1[+1], weak 2, [no
potion heal 1], [subdued magic 1]
}: 1/15 runes: serpentine
a: Renounce Religion, Berserk, Trog's Hand, Brothers in Arms


You were on level 4 of the Shoals.
You worshipped Trog.
Trog was extremely pleased with you.
You were a tree.
You visited 5 branches of the dungeon, and saw 31 of its levels.
You visited the Abyss 1 time.
You visited 2 bazaars.
You also visited: Trove.

You collected 4860 gold pieces.
You spent 3301 gold pieces at shops.

Inventory:

Hand Weapons
 e - a +8 war axe of draining (weapon)
 B - a +2 vorpal morningstar
 M - the +3 mace of Dishonesty {protect, rElec rC+}
   (You found it on level 1 of the Snake Pit)

   It grants its wielder temporary protection when it strikes (+7 to AC).
   It protects you from cold.
   It insulates you from electricity.
 Z - a +4 broad axe of protection
Armour
 d - the cursed +0 ring mail of Feckeju {+Inv rPois MP+9 Str+4, unknown}
   (You found it on level 2 of the Shoals)

   It affects your strength (+4).
   It protects you from poison.
   It affects your magic capacity (+9).
   It lets you turn invisible.
   It has a curse placed upon it.
 h - a +2 hat of see invisible (melded)
 i - a +2 pair of boots of flying (melded)
 r - a +5 plate armour of fire resistance (melded)
 x - a +2 pair of gloves (melded)
 P - a +0 cloak of willpower
 Q - the +2 cloak "Duigheo" (melded) {rPois rN+ Dex+2}
   (You bought it in a shop on level 9 of the Dungeon)

   It affects your dexterity (+2).
   It protects you from poison.
   It protects you from negative energy.
 W - a +2 plate armour of fire resistance
 Y - the +10 tower shield of Ignorance (worn) {rN+ Int-4}
   (You found it on level 6 of the Lair of Beasts)

   It affects your intelligence (-4).
   It protects you from negative energy.
Jewellery
 a - a ring of willpower (left branch)
 c - an amulet of reflection (around neck)
 q - the ring of Sedoi {rC+++ MP-9 Int+4 Dex+3 Stlth-}
   (You bought it in a shop on level 2 of the Orcish Mines)

   [ring of attention]

   It affects your intelligence (+4).
   It affects your dexterity (+3).
   It renders you almost immune to cold.
   It affects your magic capacity (-9).
   It makes you less stealthy.
 t - a ring of willpower (right branch)
 J - a +6 ring of strength
 S - the ring "Rawnilec" {rF+ Str+3 Slay+2}
   (You acquired it on level 3 of the Snake Pit)

   [ring of protection from fire]

   It affects your strength (+3).
   It affects your accuracy and damage with ranged weapons and melee attacks
   (+2).
   It protects you from fire.
Wands
 k - a wand of iceblast (29)
 s - a wand of acid (20)
 u - a wand of random effects (54)
 I - a wand of enslavement (14)
 N - a wand of paralysis (22)
 O - a wand of flame (48)
 U - a wand of disintegration (11)
Scrolls
 b - a scroll of identify
 f - 3 scrolls of teleportation
 j - 6 scrolls of magic mapping
 p - 16 scrolls of immolation
 w - 2 scrolls of silence
 y - 4 scrolls of blinking
 A - a scroll of enchant weapon
 C - 11 scrolls of remove curse
 D - 6 scrolls of fear
 K - 6 scrolls of fog
 L - a scroll of brand weapon
 R - a scroll of holy word
 X - a scroll of torment {unknown}
Potions
 g - 9 potions of mutation
 l - 2 potions of magic
 m - 6 potions of haste
 o - 8 potions of might
 v - 4 potions of resistance
 E - 3 potions of lignification
 F - 6 potions of curing
 G - 7 potions of ambrosia
 H - a potion of cancellation
Miscellaneous
 z - a lightning rod (4/4)
 T - a condenser vane
 V - a phantom mirror


   Skills:
 + Level 17.3 Fighting
 + Level 17.3 Axes
 + Level 17.2 Armour
 + Level 15.9 Dodging
 * Level 12.2 Shields
 + Level 13.1 Evocations


You had 18 spell levels left.
You didn't know any spells.
Your spell library was empty.

Dungeon Overview and Level Annotations

Branches:
Dungeon (15/15)            Temple (0/1) D:5            Lair (6/6) D:10
 Shoals (4/4) Lair:3        Snake (4/4) Lair:4        Slime (0/5) Lair:6
    Orc (2/2) D:9             Elf (0/3) Orc:2        Vaults (0/5) D:13
 Depths (0/5) D:15

Altars:
Ashenzari
Cheibriados
Elyvilon
Fedhas
Makhleb
Qazlal
Sif Muna
Trog
Wu Jian
Xom
Zin
The Shining One
Jiyva

Shops:
D:7 [   D:8 !   D:9 [   D:15 }   Orc:1 :   Orc:2 ([=*   Shoals:3 !(
Shoals:4 *   Snake:3 :?:}   Snake:4 *

Annotations:
D:4 Blork the orc
D:13 1 runed translucent door, SpoonFarmer's ghost, journeyman MiFi
Lair:2 3 runed translucent doors, Kisap's ghost, journeyman MiBe
Shoals:4 Louise
Snake:1 Roxanne


Innate Abilities, Weirdness & Mutations

((You reflexively headbutt those who attack you in melee.))
((You have a pair of horns on your head.))
Your magical capacity is very low. (-20% MP)
You are very weak. (Str -4)
[You are very frail. (-20% HP)]
[You sometimes yell uncontrollably at your foes.]
[Potions are less effective at restoring your health.]
[Your spells are a little easier to cast, but a little less powerful.]


Message History

You resist with almost no effort.
The wind drake exhales a fierce blast of wind!
The manticores and your ogre are blown away by the wind.
Louise casts a spell at you.
The stone arrow reflects off an invisible shield around you!
Louise blocks the stone arrow.
The merfolk siren hits you from afar with a +0 spear!
* * * LOW HITPOINT WARNING * * *
Your system partially rejects the healing.
You feel better. You block the snapping turtle's attack.
You block the wind drake's attack.
Your ogre hits the wind drake with a +0 giant club!!
The wind drake dies!
Trog accepts your kill.
The merfolk siren chants a haunting song.
You resist with almost no effort.
The manticore flicks its tail.
The volley of spikes hits you!!
The barbed spikes become lodged in your body.
You die...

≈[. #t≈#≈≈≈≈≈≈#
.≈≈## ≈≈#≈≈≈≈≈≈#
≈≈≈≈#≈≈≈≈#≈≈≈≈≈≈#
≈≈≈#≈≈≈#≈#≈≈≈≈≈≈#
#≈≈≈≈≈#≈#≈≈≈≈≈≈≈# ≈
#≈≈≈k≈#≈≈≈≈≈≈≈≈#
≈≈≈######≈≈≈≈≈≈≈≈≈#
≈≈≈≈≈≈.O†t≈≈≈≈≈≈≈≈#
≈≈≈≈≈..♣..≈≈≈≈≈≈≈≈#
≈≈≈≈≈....m≈≈≈≈≈≈≈≈#
≈≈≈≈≈@H...≈≈≈≈≈≈≈≈#
≈≈≈≈≈...H.≈≈≈≈≈≈≈≈#
≈≈≈m≈....≈≈≈≈≈≈≈≈≈#
≈≈≈≈≈≈..≈≈≈≈≈≈≈≈≈≈#
≈≈≈≈≈≈≈≈≈≈≈≈≈≈≈≈≈≈#
≈≈≈≈≈≈≈≈≈≈≈≈≈≈≈


You could see Louise (drained), a merfolk avatar, a snapping turtle, 2
manticores, a merfolk siren and a friendly ogre (summoned, berserk).

Vanquished Creatures
  Nikola (Snake:1)
  A kraken (Shoals:3)
  4 tentacled starspawn (Abyss:3)
  Kirke (D:12)
  Donald (Snake:1)
  8 nagarajas
  2 orc warlords (Orc:1)
  3 merfolk impalers
  Harold (D:8)
  A boulder beetle (D:12)
  12 hydras
  17 naga warriors
  5 vault guards (D:13)
  2 merfolk aquamancers
  4 centaur warriors
  A death knight (D:15)
  2 two-headed ogres
  An alligator snapping turtle (Shoals:1)
  4 merfolk avatars
  17 anacondas
  A catoblepas (Lair:6)
  4 satyrs
  6 death yaks (Lair:4)
  8 orc high priests (Orc:2)
  A vampire mage (D:15)
  A deep elf knight (D:13)
  10 naga sharpshooters
  3 shock serpents
  6 skeletal warriors
  3 salamander mystics
  7 sea snakes
  5 unseen horrors
  9 naga ritualists
  A wizard (D:15)
  A lindwurm (Lair:6)
  A necromancer (D:15)
  An orc knight (Orc:2)
  12 harpies
  4 orc sorcerers
  3 deep elf magi
  10 mana vipers
  A stone giant zombie (D:15)
  7 manticores
  19 fauns
  3 cyclopes
  A sphinx zombie (D:15)
  14 salamanders
  An ugly thing (D:10)
  27 black mambas
  10 naga magi
  8 merfolk sirens
  Maurice (D:11)
  9 elephants
  4 water nymphs (Shoals:2)
  12 guardian serpents
  16 cane toads
  3 gargoyles
  4 centaur skeletons (D:15)
  A rime drake (D:10)
  3 kobold demonologists (D:12)
  A freezing wraith (D:15)
  9 komodo dragons
  A yaktaur (shapeshifter) (D:13)
  A guardian mummy (D:15)
  12 merfolk
  8 trolls
  A yaktaur skeleton (D:15)
  A hornet (shapeshifter) (D:13)
  A hellwing (Abyss:3)
  A wind drake (Shoals:3)
  7 polar bears
  5 hornets (Lair:6)
  5 snapping turtles
  32 blink frogs
  6 slime creatures (D:12)
  12 dream sheep
  8 water elementals
  8 wraiths
  5 wyverns
  A ynoxinul (Abyss:3)
  11 spriggans (Lair:6)
  3 vampires
  35 yaks
  A hog (D:12)
  6 basilisks
  A chaos spawn (Abyss:3)
  A steam dragon (D:11)
  9 wargs
  3 vampire mosquitoes (D:13)
  An acid dragon (D:15)
  A soldier ant (shapeshifter) (D:15)
  43 nagas
  2 soldier ants
  10 water moccasins
  A hell hound (Abyss:3)
  2 sky beasts
  Duvessa (D:4)
  A swamp drake (Orc:2)
  A meliai simulacrum (D:15)
  3 black bears
  2 phantoms
  2 eyes of draining
  16 ogres
  29 orc warriors
  4 ice beasts
  8 centaurs
  23 wolves
  5 boggarts (Lair:6)
  2 small abominations (Abyss:3)
  4 big kobolds
  A yaktaur zombie (D:15)
  22 bullfrogs
  Dowan (D:4)
  A wyvern zombie (D:12)
  3 scorpions
  13 killer bees
  20 wights
  An electric eel (Shoals:1)
  A howler monkey (D:12)
  2 crimson imps
  3 centaur zombies
  3 bullfrog zombies
  6 hounds
  15 orc priests
  3 bullfrog skeletons
  3 jellies
  19 orc wizards
  Crazy Yiuf (D:4)
  An iron imp (Orc:2)
  Ijyb (D:5)
  A gnoll shaman (D:6)
  4 iguanas
  9 worker ants
  14 gnolls
  11 adders
  3 shadow imps
  6 white imps
  2 ufetubi
  2 oozes
  5 worms
  A dart slug (D:3)
  8 leopard geckos
  102 orcs
  5 bats
  7 giant cockroaches
  8 goblins
  10 hobgoblins
  11 jackals
  8 kobolds
  3 quokkas
  2 ball pythons
  5 frilled lizards
  A jackal skeleton (D:5)
  2 leopard gecko skeletons
  6 rats
  3 starspawn tentacles (Abyss:3)
  3 tentacles (Shoals:3)
1047 creatures vanquished.

Vanquished Creatures (collateral kills)
  2 naga warriors (Snake:4)
  A naga ritualist (Snake:4)
  A manticore (D:9)
  A black mamba (Snake:4)
  A wind drake (Shoals:4)
  A water elemental (Shoals:4)
  A small abomination (Shoals:4)
  An orc wizard (D:9)
  An iguana (D:9)
10 creatures vanquished.

Vanquished Creatures (others)
  An orc warlord (Orc:2)
  A blizzard demon (Abyss:3)
  A merfolk aquamancer (Shoals:4)
  A naga sharpshooter (Snake:2)
  A salamander mystic (Snake:2)
  A naga ritualist (Snake:3)
  A mana viper (Snake:2)
  An ugly thing (D:12)
  A salamander (Snake:2)
  A naga mage (Snake:4)
  3 nagas (Snake:2)
  2 orc wizards
  A gnoll (D:9)
  An orc (D:9)
  A bush (Abyss:3)
  63 fungi
  74 plants
  34 starspawn tentacles (Abyss:3)
  8 tentacles (Shoals:3)
  A withered plant (D:15)
198 creatures vanquished.

Grand Total: 1255 creatures vanquished

Notes
Turn   | Place    | Note
-------+----------+-------------------------------------------
     0 | D:1      | dtburroughs the Minotaur Berserker began the quest for the
                  | Orb.
     0 | D:1      | Reached XP level 1. HP: 19/19 MP: 0/0
   133 | D:1      | Reached XP level 2. HP: 21/27 MP: 1/1
   861 | D:1      | Reached XP level 3. HP: 28/33 MP: 2/2
  1446 | D:2      | Found a snail-covered altar of Cheibriados.
  1621 | D:2      | Reached ** piety under Trog
  2001 | D:3      | Reached XP level 4. HP: 40/40 MP: 3/3
  2154 | D:3      | Found a stormy altar of Qazlal.
  2179 | D:3      | You fall into a shaft and drop 2 floors!
  2179 | D:5      | Entered Level 5 of the Dungeon
  2181 | D:5      | Noticed Ijyb
  2198 | D:5      | Killed Ijyb
  2327 | D:4      | Reached XP level 5. HP: 47/47 MP: 4/4
  2512 | D:3      | Found a glowing golden altar of the Shining One.
  2899 | D:3      | Reached skill level 5 in Axes
  2908 | D:3      | Reached skill level 5 in Fighting
  3256 | D:3      | Reached XP level 6. HP: 51/56 MP: 5/5
  3598 | D:4      | Reached *** piety under Trog
  3652 | D:4      | Noticed Dowan
  3669 | D:4      | Noticed Duvessa
  3683 | D:4      | Killed Duvessa
  3716 | D:4      | Killed Dowan
  3717 | D:4      | Reached skill level 5 in Armour
  3717 | D:4      | Reached XP level 7. HP: 36/62 MP: 6/6
  3835 | D:4      | Found a blossoming altar of Fedhas.
  3836 | D:4      | Found a white marble altar of Elyvilon.
  3997 | D:4      | Found a broken altar of Ashenzari.
  4255 | D:4      | Noticed Blork the orc
  4263 | D:4      | Found a shimmering blue altar of Sif Muna.
  4397 | D:4      | Found a runed translucent door.
  4398 | D:4      | Noticed Crazy Yiuf
  4403 | D:4      | Killed Crazy Yiuf
  4494 | D:5      | Found a glowing silver altar of Zin.
  4547 | D:5      | Found a staircase to the Ecumenical Temple.
  5064 | D:6      | Reached skill level 5 in Dodging
  5338 | D:6      | Reached XP level 8. HP: 71/71 MP: 7/7
  5582 | D:6      | Reached skill level 1 in Evocations
  6937 | D:7      | Found an ornate altar of the Wu Jian Council.
  7001 | D:7      | Reached XP level 9. HP: 78/80 MP: 8/8
  7182 | D:7      | Found Obufuul's Antique Armour Shoppe.
  7522 | D:8      | Found Efroc's Distillery.
  7529 | D:8      | Bought a potion of curing for 36 gold pieces
  7529 | D:8      | Bought a potion of heal wounds for 60 gold pieces
  7529 | D:8      | Bought a potion of heal wounds for 60 gold pieces
  7529 | D:8      | Bought a potion of curing for 36 gold pieces
  7529 | D:8      | Bought a potion of resistance for 120 gold pieces
  7906 | D:8      | Noticed Harold
  7912 | D:8      | Killed Harold
  8120 | D:9      | Reached **** piety under Trog
  8439 | D:9      | Noticed a moth of wrath
  8477 | D:9      | Noticed a manticore
  8490 | D:9      | Killed a manticore
  8495 | D:9      | Reached XP level 10. HP: 54/90 MP: 9/9
  8518 | D:9      | Found a bloodstained altar of Trog.
  8854 | D:9      | Found Wiporr's Armour Boutique.
  8854 | D:9      | Found a staircase to the Orcish Mines.
  9191 | D:9      | Found a stormy altar of Qazlal.
  9437 | D:9      | Found a shimmering altar of Xom.
  9438 | D:9      | Found a burning altar of Makhleb.
  9543 | D:10     | Entered Level 10 of the Dungeon
 10006 | D:10     | Reached skill level 5 in Evocations
 10225 | D:10     | Found a staircase to the Lair.
 10636 | D:10     | Noticed a brown ugly thing
 10707 | D:10     | Killed an unseen horror
 10708 | D:10     | Reached skill level 10 in Fighting
 10708 | D:10     | Reached skill level 10 in Axes
 10757 | D:10     | Killed a brown ugly thing
 11228 | D:10     | Reached XP level 11. HP: 99/99 MP: 10/10
 11581 | D:11     | Reached ***** piety under Trog
 11911 | D:11     | Reached skill level 10 in Armour
 12460 | D:11     | Noticed Maurice
 12464 | D:11     | Killed Maurice
 12721 | Lair:1   | Entered Level 1 of the Lair of Beasts
 12823 | Lair:1   | Noticed a six-headed hydra
 13224 | D:10     | Killed a six-headed hydra
 13610 | Lair:1   | Got a faintly humming cloak
 14134 | D:9      | Bought a +0 buckler for 58 gold pieces
 14144 | D:9      | Identified the +2 cloak of Xom's Righteous Fury {*Drain rF+
                  | Stlth+} (You found it on level 1 of the Lair of Beasts)
 14154 | D:9      | Bought the +2 cloak "Duigheo" {rPois rN+ Dex+2} for 443
                  | gold pieces
 14333 | Lair:2   | Reached skill level 10 in Dodging
 14590 | Lair:2   | Reached XP level 12. HP: 89/98 MP: 11/11
 14852 | Lair:2   | Noticed a six-headed hydra
 14864 | Lair:2   | Killed a six-headed hydra
 15073 | Lair:2   | You are sucked into a shaft and drop 1 floor!
 15889 | Lair:2   | Found a runed translucent gate.
 15889 | Lair:2   | Found a runed translucent gate.
 15889 | Lair:2   | Found a runed translucent gate.
 15898 | Lair:2   | Noticed Kisap's ghost (journeyman MiBe)
 15977 | Lair:2   | Noticed a four-headed hydra
 15987 | Lair:2   | Killed a four-headed hydra
 16965 | Lair:3   | Found a staircase to the Shoals.
 17375 | Lair:4   | Found a staircase to the Snake Pit.
 17756 | Lair:4   | Reached XP level 13. HP: 112/119 MP: 12/12
 19611 | Lair:6   | Entered Level 6 of the Lair of Beasts
 19633 | Lair:6   | Received a gift from Trog
 19726 | Lair:6   | Found the +10 tower shield of Ignorance {rN+ Int-4}
 20979 | Lair:6   | Reached XP level 14. HP: 99/129 MP: 13/13
 21307 | Lair:6   | Paralysed by a hornet for 1 turns
 21428 | Lair:6   | Received a gift from Trog
 22067 | Lair:6   | Found a viscous altar of Jiyva.
 22067 | Lair:6   | Found a staircase to the Slime Pits.
 22621 | D:12     | Reached skill level 10 in Evocations
 22636 | D:12     | Noticed Kirke
 22650 | D:12     | Killed Kirke
 23982 | D:13     | Found a runed translucent door.
 23987 | D:13     | Noticed SpoonFarmer's ghost (journeyman MiFi)
 24064 | D:13     | Paralysed by a floating eye for 2 turns
 24600 | D:13     | Found a gate to the Vaults.
 25159 | D:14     | Received a gift from Trog
 26026 | D:15     | Entered Level 15 of the Dungeon
 26026 | D:15     | Found the macabre finger necklace {rN+}
 26036 | D:15     | Reached XP level 15. HP: 133/139 MP: 14/14
 26037 | D:15     | Found Voosmats's Gadget Boutique.
 26163 | D:15     | Found a staircase to the Depths.
 26950 | D:15     | Found a blossoming altar of Fedhas.
 27249 | D:15     | Found a portal to a secret trove of treasure.
 27944 | D:15     | You paid a toll of 6 potions of haste to enter a treasure
                  | trove
 27945 | Trove    | Entered a treasure trove
 28021 | Trove    | Found the +9 sword of Zonguldrok {reap}
 28026 | Trove    | Got an ichor-stained executioner's axe
 28034 | Trove    | Got a twisted mace
 28036 | Trove    | Got a warped executioner's axe
 28263 | Lair:1   | Identified the +1 executioner's axe "Qipnoegy" {vorpal,
                  | *Contam rF- rN++ Int+8} (You found it in a treasure trove)
 28264 | Lair:1   | Identified the +1 executioner's axe of Trial by Ordeal
                  | {venom, Dex+3} (You found it in a treasure trove)
 28269 | Lair:1   | Identified the +4 mace of Causality {freeze, Str+4 Dex+3}
                  | (You found it in a treasure trove)
 28272 | Lair:1   | Gained mutation: You are weak. (Str -2) [mutagenic glow]
 28593 | Orc:1    | Entered Level 1 of the Orcish Mines
 28603 | Orc:1    | Noticed an orc warlord
 28616 | Orc:1    | Killed an orc warlord
 28725 | Orc:2    | Entered Level 2 of the Orcish Mines
 28736 | Orc:2    | Received a gift from Trog
 28741 | Orc:2    | Gained mutation: [You occasionally shout uncontrollably at
                  | your foes.] [a neqoxec]
 28746 | Orc:2    | Gained mutation: You are very weak. (Str -4) [a neqoxec]
 28747 | Orc:2    | Noticed an orc warlord
 28751 | Orc:2    | Found Saimihek's Antique Weapon Shop.
 28771 | Orc:2    | Found Veutuadgh's General Store.
 28781 | Orc:1    | Reached skill level 15 in Fighting
 28781 | Orc:1    | Reached skill level 15 in Axes
 28804 | Orc:1    | Noticed an orc warlord
 29280 | Orc:2    | Killed an orc warlord
 29281 | Orc:2    | Reached skill level 15 in Armour
 29284 | Orc:2    | Gained mutation: Your magical capacity is low. (-10% MP) [a
                  | neqoxec]
 29527 | Orc:2    | Gained mutation: Your magical capacity is very low. (-20%
                  | MP) [a neqoxec]
 29551 | Orc:2    | Found Noff's Antique Armour Shoppe.
 29560 | Orc:2    | Found a flickering gateway to a bazaar.
 29569 | Bazaar   | Entered a bazaar
 29569 | Bazaar   | Found Titiod's Armour Boutique.
 29725 | Bazaar   | Found Cipoaco's Armour Emporium.
 29729 | Bazaar   | Found Geutufuc's Antique Armour Shoppe.
 29737 | Bazaar   | Found Tyamixil's Magic Scroll Shop.
 29745 | Bazaar   | Bought a scroll of enchant armour for 67 gold pieces
 29745 | Bazaar   | Bought a scroll of teleportation for 27 gold pieces
 29745 | Bazaar   | Bought a scroll of blinking for 67 gold pieces
 29745 | Bazaar   | Bought a scroll of fear for 31 gold pieces
 29745 | Bazaar   | Bought 2 scrolls of fog for 36 gold pieces
 29745 | Bazaar   | Found Zobb's General Store.
 29819 | Bazaar   | Bought a scroll of immolation for 31 gold pieces
 29819 | Bazaar   | Bought a scroll of immolation for 31 gold pieces
 29819 | Bazaar   | Bought a scroll of identify for 18 gold pieces
 29819 | Bazaar   | Bought a scroll of identify for 18 gold pieces
 29819 | Bazaar   | Bought a scroll of identify for 18 gold pieces
 29827 | Bazaar   | Bought 3 potions of haste for 330 gold pieces
 29842 | Bazaar   | Bought a pair of embroidered gloves for 135 gold pieces
 30043 | Orc:2    | Reached ****** piety under Trog
 30061 | Orc:2    | Received a gift from Trog
 30302 | Orc:2    | Found a staircase to the Elven Halls.
 30331 | Orc:2    | Bought a scroll of enchant armour for 90 gold pieces
 30331 | Orc:2    | Bought a potion of haste for 120 gold pieces
 30455 | Orc:2    | Found Gemonae's Jewellery Shop.
 30463 | Orc:2    | Bought the ring of Sedoi {rC+++ MP-9 Int+4 Dex+3 Stlth-}
                  | for 543 gold pieces
 30768 | Orc:1    | Killed an orc warlord
 30882 | Orc:1    | Found Fuytsud's Book Emporium.
 31352 | Snake:1  | Entered Level 1 of the Snake Pit
 31483 | Snake:1  | Found a flickering gateway to a bazaar.
 31500 | Bazaar   | Entered a bazaar
 31520 | Bazaar   | Found Xoumas's Book Shop.
 31540 | Bazaar   | Found Lanud's Gadget Shop.
 31845 | Snake:1  | Identified Roxanne's Tome of Earth
 31845 | Snake:1  | Noticed Roxanne
 31948 | Snake:1  | Received a gift from Trog
 31974 | Snake:1  | Noticed Donald
 31989 | Snake:1  | Killed Donald
 32234 | Snake:1  | Reached XP level 16. HP: 148/149 MP: 2/11
 32287 | Snake:1  | Got an ichor-stained demon blade {god gift}
 32288 | Snake:1  | Identified the +11 demon blade of Immorality {vorpal, *Slow
                  | +Inv rF+ Int+8} (Trog gifted it to you on level 1 of the
                  | Snake Pit)
 32292 | Snake:1  | Got a steaming mace
 32293 | Snake:1  | Identified the +3 mace of Dishonesty {protect, rElec rC+}
                  | (You found it on level 1 of the Snake Pit)
 32508 | Snake:2  | Reached skill level 1 in Shields
 32549 | Snake:2  | Noticed Nikola
 33539 | Snake:1  | Killed Nikola
 34434 | Snake:3  | Found Atsou's Book Shop.
 34434 | Snake:3  | Found Cyniap's Magic Scroll Boutique.
 34438 | Snake:3  | Found Qiock's Book Shop.
 34444 | Snake:3  | Bought a scroll of acquirement for 676 gold pieces
 34444 | Snake:3  | Bought a scroll of magic mapping for 45 gold pieces
 34806 | Snake:3  | Found a burning altar of Makhleb.
 34967 | Snake:3  | Reached skill level 5 in Shields
 35138 | Snake:3  | Received a gift from Trog
 35535 | Snake:3  | Found Veisas's Gadget Shoppe.
 35836 | Snake:4  | Entered Level 4 of the Snake Pit
 35865 | Snake:4  | Found Heleoh's Assorted Antiques.
 35873 | Snake:4  | Bought a potion of curing for 60 gold pieces
 35873 | Snake:4  | Bought a potion of curing for 60 gold pieces
 36838 | Snake:4  | Reached XP level 17. HP: 67/158 MP: 3/12
 36907 | Snake:3  | Received a gift from Trog
 36908 | Snake:3  | Reached skill level 15 in Dodging
 37164 | Snake:3  | Acquired the ring "Rawnilec" {rF+ Str+3 Slay+2}
 39589 | Snake:4  | Got a serpentine rune of Zot
 39656 | Snake:4  | Received a gift from Trog
 39932 | Shoals:1 | Entered Level 1 of the Shoals
 40473 | Shoals:1 | Reached skill level 10 in Shields
 41154 | Shoals:2 | Got a jewelled ring mail
 41512 | Shoals:2 | Received a gift from Trog
 42082 | Shoals:3 | Reached XP level 18. HP: 169/169 MP: 13/13
 42086 | Shoals:3 | Found Itydis's Distillery.
 42095 | Shoals:3 | Bought a potion of heal wounds for 85 gold pieces
 42107 | Shoals:3 | Found Onothar's Antique Weapon Shop.
 42272 | Shoals:3 | Reached XP level 19. HP: 171/177 MP: 14/14
 42809 | Shoals:3 | Received a gift from Trog
 43244 | Shoals:4 | Entered Level 4 of the Shoals
 43371 | Shoals:4 | Cast into level 3 of the Abyss (merfolk impaler)
 43542 | Abyss:3  | Found an ornate altar of the Wu Jian Council.
 43596 | Abyss:3  | Found a runed translucent gate.
 43596 | Abyss:3  | Found a runed translucent gate.
 43649 | Abyss:3  | Noticed a bone dragon
 43848 | Abyss:3  | Found a large runed translucent door.
 43848 | Abyss:3  | Found a large runed translucent door.
 43953 | Shoals:4 | Escaped the Abyss
 43959 | Shoals:4 | Found Toloc's Mass Market.
 43959 | Shoals:4 | Noticed Louise
 43976 | Shoals:4 | HP: 5/141 [Louise/stone arrow (18)]
 43983 | Shoals:4 | Killed from afar by a manticore

Illustrated notes

Levels and vault maps discovered:
D:1:      dpeg_arrival_concentric_ovals, layout_basic
D:2:      layout_loops_ring, cheibriados_altar_1
D:3:      layout_loops_ring, nicolae_overflow_crystal_walls,
          nicolae_overflow_hidden_temple, serial_co_window_serial,
          co_window_corner_a, co_window_paths_a, co_window_of_opportunity_a,
          co_window_paths_a, co_window_corner_a, co_window_cross_1,
          co_window_corner_a, co_window_cross_4, co_window_of_opportunity_b,
          co_window_2corner, co_window_paths_c, co_window_of_opportunity_b,
          co_window_4corner_a, glass_columns_a, glass_columns_c,
          glass_columns_a, glass_columns_b, glass_columns_b
D:4:      layout_cave_pools, gammafunk_temple_overflow_pools, tgw_sif,
          kennysheep_mini_moat, portal_sewer_entry_d, minmay_misc_feat_rows,
          uniq_duvessa, uniq_crazy_yiuf_cottage
D:5:      layout_basic, kennysheep_little_box, minmay_temple_entry_junction,
          uniq_ijyb
D:6:      layout_loops_corners
D:7:      layout_loops_corners, nzn_wu_jian_contemplation, serial_shops,
          nicolae_shop_trees
D:8:      layout_loops_ring, serial_shops, shop, uniq_harold
D:9:      layout_rooms, grunt_temple_overflow_champion_of_chaos, tgw_trog,
          orc_david_3, grunt_qazlal_clouds
D:10:     layout_long_grid, lair_entry_dummy
D:11:     layout_roguey, kennysheep_cross_bottleneck, uniq_maurice
D:12:     layout_roguey, serial_aquarium, aquarium_bridge_square
          [aquarium_subvault_wall, aquarium_subvault_bridge,
          aquarium_subvault_bridge, aquarium_subvault_bridge],
          aquarium_window_corridor_2, aquarium_window_corner,
          aquarium_window_fake, aquarium_window_1, aquarium_view_2f,
          aquarium_view_2c, kennysheep_small_circle, uniq_kirke
D:13:     layout_stronghold, grunt_vaults_entry_fortified,
          ebering_ghost_reflecting_pool, minivault_22,
          fake_guardian_serpent_vault
D:14:     layout_long_grid, roderic_lattice_a
D:15:     gammafunk_depths_entry_grave, layout_cave_pools,
          nicolae_trove_entry_crystal, nicolae_benzene_ring, serial_shops,
          nicolae_shop_stone, fedhas_altar_1
Lair:1:   layout_gridlike
Lair:2:   layout_roguey, ebering_ghost_rock_garden, serial_bayou_shore_b
Lair:3:   layout_cave_pods, minmay_shoals_entry_hut
Lair:4:   layout_long_grid, guppyfry_snake_entry_island,
          nicolae_quartered_pool_super
Lair:5:   layout_cave_shapes
Lair:6:   minmay_lair_end_enchanted_forest, layout_layer_cave,
          dpeg_slime_entry_enclosed_altar, eino_small_chamber_without_monster,
          serial_bayou_shore_a, grunt_megastairs_4, serial_bayou_shore_b
Shoals:1: layout_shoals, nicolae_shoals_siren_and_animal_friends
Shoals:2: layout_shoals
Shoals:3: layout_shoals, serial_shops, nicolae_shop_statue_plus, shop
Shoals:4: shoals_end_hangedman, layout_shoals, shoals_ilsuiw_alternative,
          nicolae_shoals_circle_sea_wall, minmay_shop_mass,
          nicolae_shoals_cliffside_cave, nicolae_shoals_undead_eyrie,
          uniq_louise
Snake:1:  layout_misc_corridors, serial_shops, bzr_entry_dummy,
          grunt_ministairs_11, uniq_donald, uniq_roxanne
Snake:2:  layout_cave_shapes, uniq_nikola
Snake:3:  layout_layer_cave, serial_shops, shop,
          portal_ice_cave_entry_pillars_three, basic_altar, serial_bayou_pond_c,
          minmay_shop_star
Snake:4:  grunt_snake_rune_serpentine_throne, layout_cave_town, serial_shops,
          shop
Orc:1:    layout_diamond_mine, serial_shops, shop
Orc:2:    grunt_orc_gardens, layout_diamond_mine, grunt_orc_garden,
          grunt_orc_garden, grunt_orc_garden, grunt_orc_garden, serial_shops,
          bzr_entry_customers, hangedman_minor_magic

Skill      XL: |  1  2  3  4  5  6  7  8  9 10 11 12 13 14 15 16 17 18 19 |
---------------+----------------------------------------------------------+-----
Axes           | 4 5 6 7 9 10 11 12 13 14 15 16 17 | 17.3
Fighting       | 4 5 6 7 8 10 11 12 13 14 15 16 17 | 17.3
Armour         | 3 4 5 6 7 8 9 11 12 13 14 15 16 17 | 17.2
Dodging        | 3 4 5 6 7 8 10 11 12 13 14 15 | 15.9
Evocations     | 2 4 5 7 8 9 10 11 12 13 | 13.1
Shields        | 7 11 12 | 12.2

Action                   |  1- 3 |  4- 6 |  7- 9 | 10-12 | 13-15 | 16-18 | 19-21 || total
-------------------------+-------+-------+-------+-------+-------+-------+-------++-------
Melee: Hand axe          |    77 |   106 |       |       |       |       |       ||   183
       Headbutt          |    13 |    25 |    51 |   130 |   318 |   250 |    48 ||   835
       War axe           |       |    72 |   236 |   588 |  1290 |   875 |   195 ||  3256
       Mace              |       |       |       |    22 |    69 |    81 |       ||   172
       Broad axe         |       |       |       |       |       |    32 |       ||    32
Invok: Trog's Hand       |       |     5 |     2 |     4 |    10 |     5 |     7 ||    33
       Brothers in Arms  |       |       |     1 |       |       |     1 |     2 ||     4
       Berserk           |       |       |       |       |     1 |       |       ||     1
Evoke: Wand              |       |       |     6 |     4 |       |     2 |       ||    12
  Use: Scroll            |     6 |       |     6 |    10 |    30 |    10 |     6 ||    68
       Potion            |       |       |       |     2 |       |     4 |    13 ||    19
 Stab: Petrified         |       |       |       |       |     5 |       |       ||     5
       Petrifying        |       |       |       |       |     1 |       |       ||     1
Armor: Animal skin       |     7 |       |       |       |       |       |       ||     7
       Ring mail         |    13 |       |       |       |       |       |       ||    13
       Plate armour      |     1 |   198 |   177 |   435 |   530 |   323 |   110 ||  1774
       Skin              |       |       |       |       |       |       |    14 ||    14
Dodge: Dodged            |    56 |    86 |   152 |   314 |   217 |   184 |    76 ||  1085
Block: Buckler           |       |       |       |    94 |       |       |       ||    94
       Tower shield      |       |       |       |    62 |  1723 |  1510 |   486 ||  3781
       Reflection        |       |       |       |     1 |    87 |   228 |    42 ||   358
